 Dungeon Crawl Stone Soup version 0.32-a0-834-geaf45d8e21 (webtiles) character file.

Game seed: 17790678413024641355

48 GloriousHammer the Sneak (level 4, -8/24 HPs)
             Began as a Kobold Enchanter on Mar 25, 2024.
             Killed by divine providence
             ... invoked by an orc priest
              (10 damage)
             ... on level 3 of the Dungeon.
             The game lasted 00:02:47 (2249 turns).

GloriousHammer the Sneak (Kobold Enchanter)         Turns: 2249, Time: 00:02:48

Health: -8/24      AC:  4    Str:  5    XL:     4   Next: 0%
Magic:  2/8        EV: 14    Int: 16    God:
Gold:   144        SH:  0    Dex: 17    Spells: 2/8 levels left

rFire   . . .        a - +1 dagger
rCold   . . .        (no shield)
rNeg    . . .        b - +0 robe
rPois   .            h - +0 helmet
rElec   .            (no cloak)
rCorr   .            j - +0 pair of gloves
SInv    .            (no boots)
Will    .....        (no amulet)
Stlth   ++++         (no ring)
HPRegen 0.24/turn    (no ring)
MPRegen 0.11/turn

%: no passive effects
@: no status effects
A: small, no large weapons, nightstalker 3
a: Convert to Beogh


You were on level 3 of the Dungeon.
You visited 1 branch of the dungeon, and saw 3 of its levels.

You collected 144 gold pieces.

Inventory:

Hand Weapons
 a - a +1 dagger (weapon)
Armour
 b - a +0 robe (worn)
 h - a +0 helmet (worn)
 j - a +0 pair of gloves (worn)
Jewellery
 e - an amulet of magic regeneration
Scrolls
 d - 2 scrolls of noise {unknown}
 i - 2 scrolls of identify {unknown}
 k - a scroll of fog {unknown}
 l - 2 scrolls of fear {unknown}
 m - a scroll of revelation {unknown}
Potions
 c - 2 potions of invisibility
 f - a potion of lignification {unknown}
 g - 2 potions of curing {unknown}
 n - 2 potions of brilliance {unknown}
 o - a potion of heal wounds {unknown}
 p - a potion of haste {unknown}


   Skills:
 + Level 2.5 Short Blades
 - Level 2.4 Dodging
 + Level 4.7 Stealth
 + Level 2.7 Spellcasting
 + Level 3.4 Hexes


You had 2 spell levels left.
You knew the following spells:

 Your Spells              Type           Power      Damage    Failure   Level
a - Confusing Touch       Hex            13%        N/A       14%         3
b - Tukima's Dance        Hex            13%        N/A       14%         3

Your spell library contained the following spells:

 Spells                   Type           Power      Damage    Failure   Level
 Ensorcelled Hibernation  Hex/Ice        14%        N/A       14%         2
 Cigotuvi's Dreadful Rot  Necr/Alch/Air  4%         N/A       28%         2
 Dazzling Flash           Conj/Hex       14%        N/A       28%         3
 Ignite Poison            Fire/Alch      2%         N/A       88%         4
 Freezing Cloud           Conj/Ice/Air   1%         6-21      99%         5


Dungeon Overview and Level Annotations

Branches:
Dungeon (3/15)

Altars:


Innate Abilities, Weirdness & Mutations

You are small and have problems with some larger weapons.
You are completely attuned to the shadows.


Message History

There is a stone staircase leading down here.
Found an escape hatch in the ceiling.
There is an escape hatch in the ceiling here.
Found a stone staircase leading down.
A rat comes into view.
A rat is nearby!
A rat is nearby!
The helpless rat fails to defend itself.
You impale the rat!!
You kill the rat!
There is an open door here.
An endoplasm comes into view.
An endoplasm is nearby!
An endoplasm is nearby!
The helpless endoplasm fails to defend itself.
You impale the endoplasm!!
You kill the endoplasm!
You have reached level 4!
p - an amethyst potion You open the door.
There is an open door here.
There is an open door here.
You now have 121 gold pieces (gained 6).
You open the door.
There is an open door here.
There is a stone staircase leading up here.
You open the door.
There is an open door here.
You now have 129 gold pieces (gained 8).
Things that are here:
a +0 short sword; a kobold skeleton
There is an open door here.
There is an open door here.
Things that are here:
a +0 short sword; a kobold skeleton Done exploring.
Done exploring.
Done exploring.
This spell is quite dangerous to cast!
You start memorising the spell.
You continue memorising. x3
You finish memorising.
Spell assigned to 'a'.
This spell is quite dangerous to cast!
You start memorising the spell.
You continue memorising. x3
You finish memorising.
Spell assigned to 'b'.
Okay, then.
Cast which spell? (? or * to list)
Okay, then.
Saving game... please wait.
Welcome back, GloriousHammer the Kobold Enchanter.
Press ? for a list of commands and other information.
Search for what [? for help]? .
There is a stone staircase leading down here.
You climb downwards.
Found 6 stones.
There is a stone staircase leading up here.
You see here 6 stones.
Found 15 gold pieces.
Found 8 gold pieces.
You now have 144 gold pieces (gained 15).
An orc priest comes into view. It is wielding a +0 club.
You see here 8 gold pieces.
An orc priest is nearby!
An orc comes into view. It is wielding a +4 heavy war axe.
The orc shouts!
The orc priest shouts!
You hear a shout! x3
The orc closely misses you.
You completely miss the orc. The orc attacks as it pursues you!
The orc barely misses you.
You hit the orc but do no damage. You hit the orc.
The orc is moderately wounded.
The orc closely misses you.
You hit the orc.
The orc is moderately wounded.
The orc hits you with a +4 heavy war axe!
You barely miss the orc.
The orc is moderately wounded.
The orc priest shouts, "The Pantheon deserves no one's loyalty.
Let us show you the true path!" (press Y on the ability menu to convert to Beogh) Cast which spell? (? or * to list)
Okay, then.
Cast which spell? (? or * to list)
Your hands begin to glow red.
Casting: Confusing Touch (quite dangerous; 14% risk of failure)
Confirm with . or Enter, or press ? or * to list all spells.
Your hands begin to glow brighter.
The orc priest mumbles some strange prayers to Beogh against you.
You barely resist. The orc closely misses you.
You hit the orc but do no damage.
The orc appears confused.
The orc is moderately wounded.
The orc priest shouts, "The Pantheon deserves no one's loyalty.
Let us show you the true path!" The orc priest misses you.
Unknown command.
You hit the orc.
The orc is heavily wounded.
The orc hits you with a +4 heavy war axe!
Ouch! That really hurt!
* * * LOW HITPOINT WARNING * * *
The orc priest calls down the wrath of Beogh upon you.
Beogh smites you!
You die...

########
...................
.....##........#o.#
#....##.......#..#
#...##......@#.#
#..<(.......oo.#
#.##.♣♣♣♣♣♣....# #.
#..♣ ♣♣.$.# . #.##
♣♣...# #. ♣♣..#
♣♣... ...


You could see an orc priest and an orc (confused).

Vanquished Creatures
  An adder (D:2)
  A ribbon worm (D:2)
  3 ball pythons (D:1)
  4 endoplasms
  2 giant cockroaches (D:1)
  8 goblins
  2 hobgoblins
  2 jackals (D:1)
  2 bats (D:1)
  A frilled lizard (D:1)
  5 kobolds
  A rat (D:2)
32 creatures vanquished.

Notes
Turn   | Place    | Note
-------+----------+-------------------------------------------
     0 | D:1      | GloriousHammer the Kobold Enchanter began the quest for the
                  | Orb.
     0 | D:1      | Reached XP level 1. HP: 10/10 MP: 3/3
    55 | D:1      | Reached XP level 2. HP: 7/15 MP: 5/5
   726 | D:1      | Reached XP level 3. HP: 19/19 MP: 6/6
  1877 | D:2      | Reached XP level 4. HP: 24/24 MP: 8/8
  2202 | D:2      | Learned a level 3 spell: Confusing Touch
  2206 | D:2      | Learned a level 3 spell: Tukima's Dance
  2206 | D:2      | Upgraded the game from 0.32-a0-818-gb728d0252e to
                  | 0.32-a0-834-geaf45d8e21
  2249 | D:3      | Killed from afar by an orc priest

Illustrated notes

Levels and vault maps discovered:
D:1:      zaba_arrival_water, layout_basic
D:2:      layout_basic
D:3:      layout_rooms, grunt_dithmenos_smoke_and_mirrors,
          nemelex_spade_bored_becter, mainiacjoe_overflow_two_lobes,
          dilly_ecumenical_altar_fadedgnrine

Skill      XL: |  1  2 |
---------------+-------+-----
Short Blades   | 2 |  2.5
Dodging        | |  2.4
Stealth        | |  4.7
Spellcasting   | |  2.7
Hexes          | |  3.4

Action                     |  1- 3 |  4- 6 || total
---------------------------+-------+-------++-------
  Melee: Dagger            |    81 |     7 ||    88
   Cast: Confusing Touch   |       |     2 ||     2
   Stab: Sleeping          |    17 |       ||    17
 Armour: Robe              |    29 |     2 ||    31
  Dodge: Dodged            |    42 |     5 ||    47

Table legend: (Time is in decaauts)
 A = Elapsed time spent in this place.
 B = Non-inter-level travel time spent in this place.
 C = Inter-level travel time spent in this place.
 D = Time resting spent in this place.
 E = Time spent auto-exploring this place.
 F = Levels seen in this place.
 G = Mean time per level.
                   A        B        C        D        E       F      G
               +--------+--------+--------+--------+--------+-----+--------+
         Total |   2277 |   2175 |    102 |      0 |   1879 |   3 |  759.0 |
       Dungeon |   2277 |   2175 |    102 |      0 |   1879 |   3 |  759.0 |
               +--------+--------+--------+--------+--------+-----+--------+

Top non-repeatable levels by time:
     D:1: 1145 daAuts
     D:2: 1106 daAuts
     D:3: 25 daAuts
